 Dungeon Crawl Stone Soup version 0.30.1 (webtiles) character file.

Game seed: 13504256365496403389

123 GeoRichter the Chiller (level 4, -2/33 HPs)
             Began as a Draconian Ice Elementalist on July 5, 2023.
             Slain by Natasha (10 damage)
             ... on level 2 of the Dungeon.
             The game lasted 00:02:04 (2704 turns).

GeoRichter the Chiller (Draconian Ice Elementalist) Turns: 2704, Time: 00:02:05

Health: -2/33      AC:  5    Str: 10    XL:     4   Next: 80%
Magic:  3/8        EV: 12    Int: 17    God:
Gold:   67         SH:  0    Dex: 12    Spells: 8/9 levels left

rFire   + . .        b - staff of fire
rCold   . . .        (no shield)
rNeg    . . .        (body armour unavailable)
rPois   .            (helmet restricted)
rElec   .            (no cloak)
rCorr   .            (no gloves)
SInv    .            (no boots)
Will    .....        (no amulet)
Stlth   ++           (no ring)
HPRegen 0.25/turn    (no ring)
MPRegen 0.11/turn

%: no passive effects
@: very slightly contaminated
A: AC +5, unfitting armour, cold-blooded
a: no special abilities


You were on level 2 of the Dungeon.
You visited 1 branch of the dungeon, and saw 2 of its levels.

You collected 67 gold pieces.

Inventory:

Magical Staves
 b - a staff of fire (weapon)
   (You found it on level 1 of the Dungeon)
Scrolls
 c - a scroll of vulnerability {unknown}
 e - a scroll of noise {unknown}
 f - a scroll of enchant armour {unknown}
 g - a scroll of immolation {unknown}
 i - a scroll of identify {unknown}
 k - a scroll of fear {unknown}
Potions
 a - a potion of curing {unknown}
 d - 2 potions of heal wounds {unknown}
 h - a potion of haste {unknown}
 j - a potion of resistance {unknown}
 l - a potion of mutation {unknown}


   Skills:
 - Level 1.7 Dodging
 - Level 1.7 Stealth
 + Level 3.1 Spellcasting
 * Level 5.6 Ice Magic


You had 8 spell levels left.
You knew the following spells:

 Your Spells              Type           Power      Damage    Failure   Level
a - Freeze                Ice            84%        1d9       1%          1

Your spell library contained the following spells:

 Spells                   Type           Power      Damage    Failure   Level
 Frozen Ramparts          Ice            42%        1d7       5%          3
 Ozocubu's Armour         Ice            21%        N/A       5%          3
 Vhi's Electric Charge    Tloc/Air       4%         N/A       45%         3
 Summon Ice Beast         Ice/Summ       12%        N/A       50%         4
 Arcjolt                  Conj/Air       1%         1d11      99%         5
 Plasma Beam              Fire/Air       1%         2x1d12    100%        6


Dungeon Overview and Level Annotations

Branches:
Dungeon (2/15) Zot: 9292

Altars:

Annotations:
D:2 1 runed translucent door, Crazy Yiuf, Natasha


Innate Abilities, Weirdness & Mutations

Your plain brown scales are hard. (AC +5)
You cannot fit into any form of body armour.
You are cold-blooded and may be slowed by cold attacks.


Message History

You freeze Natasha.
You kill Natasha!
Natasha screams in fury as she dies!
The cerulean imp disappears in a puff of smoke!
You start resting.
Magic restored.
You start resting.
Natasha, Servant of Life and Death comes into view.
Natasha hisses angrily.
You start waiting.
Natasha drinks a potion.
Natasha seems to grow stronger.
Natasha casts a spell.
Aiming: Freeze (safe; 1% risk of failure)
Press: ? - help, Q - select action Shift-Dir - straight line, f - Natasha
Aim: Natasha (strong)
You freeze Natasha.
Natasha is lightly wounded.
Natasha casts a spell at you. The magic dart hits you!
Aiming: Freeze (safe; 1% risk of failure)
Press: ? - help, Q - select action Shift-Dir - straight line, f/p - Natasha
Aim: Natasha (lightly wounded, strong)
You freeze Natasha.
Natasha is moderately wounded.
The cerulean imp hits you but does no damage.
Natasha stares at you and mumbles some strange words.
The magic dart hits you.
Aiming: Freeze (safe; 1% risk of failure)
Press: ? - help, Q - select action Shift-Dir - straight line, f/p - Natasha
Aim: Natasha (moderately wounded, strong)
You freeze Natasha.
Natasha is severely wounded.
The cerulean imp barely misses you. Natasha claws you.
* * * LOW HITPOINT WARNING * * *
Aiming: Freeze (safe; 1% risk of failure)
Press: ? - help, Q - select action Shift-Dir - straight line, f/p - Natasha
Aim: Natasha (heavily wounded, strong)
You miscast Freeze.
You are very lightly contaminated with residual magic.
Nothing appears to happen.
The cerulean imp barely misses you. Natasha closely misses you.
Aiming: Freeze (safe; 1% risk of failure)
Press: ? - help, Q - select action Shift-Dir - straight line, f/p - Natasha
Aim: Natasha (heavily wounded, strong)
You freeze Natasha.
Natasha is almost dead.
The cerulean imp hits you from afar with a +2 spear.
* * * LOW HITPOINT WARNING * * *
Natasha claws you!
You die...

#####.## ##.###.#*## **,,,,,**
##...#.###.## #.##.## **,,,,,,,*
#.###.#.#.#####.#...###*,,,,,,,,,
..# #....h.............',,,,,,,,,
#.###.#####.....†...#***,,,[,,,,,
##...## #.###.##..# **,,,,,,,*
##.## #.# #5#**,# **,,,,,** #.#
#.# #h###.#####**,,,** #.# #.#
#.@........***+** #.# #.#
##.##.####.* *,* #.# #.#
#.#*,#***,***,** #.#
#.#**#.#*,,,,,,,,,,,* #.#
*,,,,...,,,***,**,,,** #.#
*****#..,,,* *,*,,,,,** #.#
#.##*****,**,,,,,, ###.#
#..,,,,,,,***,**** ....#
*********** ***


You could see Natasha (strong) and a cerulean imp (summoned).

Vanquished Creatures
  Natasha (twice) (D:2)
  4 adders (D:2)
  4 ball pythons
  3 endoplasms
  A giant cockroach (D:2)
  3 goblins
  2 hobgoblins (D:2)
  3 jackals (D:2)
  5 quokkas
  3 bats
  2 frilled lizards
  4 kobolds
  3 rats
39 creatures vanquished.

Notes
Turn   | Place    | Note
-------+----------+-------------------------------------------
     0 | D:1      | GeoRichter the Draconian Ice Elementalist began the quest
                  | for the Orb.
     0 | D:1      | Reached XP level 1. HP: 14/14 MP: 3/3
   480 | D:1      | Reached XP level 2. HP: 16/20 MP: 3/5
  1047 | D:2      | Reached XP level 3. HP: 15/26 MP: 2/6
  1714 | D:2      | Reached skill level 5 in Ice Magic
  1821 | D:2      | Reached XP level 4. HP: 33/33 MP: 5/8
  1860 | D:2      | Found a runed translucent door.
  1861 | D:2      | Noticed Crazy Yiuf
  2140 | D:2      | Noticed Natasha
  2144 | D:2      | Killed Natasha
  2599 | D:2      | Noticed Natasha
  2609 | D:2      | Killed Natasha
  2690 | D:2      | Noticed Natasha
  2704 | D:2      | Slain by Natasha

Illustrated notes

Levels and vault maps discovered:
D:1:      dpeg_arrival_tiny_f, layout_basic, nicolae_titane
D:2:      layout_loops_corners, uniq_crazy_yiuf_cottage, uniq_natasha

Skill      XL: |  1  2  3  4 |
---------------+-------------+-----
Ice Magic      | 5 |  5.6
Spellcasting   | 3 |  3.1
Dodging        | |  1.7
Stealth        | |  1.7

Action                     |  1- 3 |  4- 6 || total
---------------------------+-------+-------++-------
  Melee: Staff             |    12 |     1 ||    13
         Tailslap          |     3 |       ||     3
   Cast: Freeze            |    53 |    17 ||    70
    Use: Potion            |     1 |       ||     1
 Armour: Skin              |    15 |     6 ||    21
  Dodge: Dodged            |    35 |    12 ||    47
